 Dungeon Crawl Stone Soup version 0.25.1-9-gc5326a611f (webtiles) character file.

Game seed: 805640597375522034

6143 theanonym the Cleaver (level 10, -4/94 HPs)
             Began as a Deep Dwarf Gladiator on Sept 4, 2021.
             Was a High Priest of Zin.
             Slain by a 15-headed hydra (7 damage)
             ... on level 1 of the Lair of Beasts.
             The game lasted 00:17:14 (9244 turns).

theanonym the Cleaver (Deep Dwarf Gladiator)        Turns: 9244, Time: 00:17:15

Health: -4/94      AC: 19    Str: 29    XL:     10   Next: 59%
Magic:  11/11      EV:  9    Int: 11    God:    Zin [*****.]
Gold:   601        SH:  0    Dex: 16    Spells: 9/9 levels left

rFire    + . .     SeeInvis .   a - +0 war axe
rCold    . . .     Gourm    .   (no shield)
rNeg     . . .     Faith    .   v - +0 plate armour
rPois    ∞         Spirit   .   c - +1 helmet
rElec    .         Reflect  .   f - +1 cloak
rCorr    .         Harm     .   b - +0 pair of gloves
MR       +....                  (no boots)
Stlth    ..........             (no amulet)
HPRegen  0.00/turn              x - ring of protection from fire
MPRegen  0.12/turn              i - +6 ring of strength

@: mighty, lethally poisoned (-4 -> -4), vitalised, flying, very slightly
contaminated, non-regenerating
A: damage resistance, heal wounds, sense surroundings 2, no regeneration
a: Heal Wounds, Recite, Vitalisation, Imprison, Sanctuary, Donate Gold, Renounce
Religion


Innate Abilities, Weirdness & Mutations

You are resistant to damage.
You can heal yourself by infusing magical energy.
You passively map the area around you.
You do not regenerate.


   Skills:
 + Level 7.2 Fighting
 * Level 12.0 Axes
 - Level 1.7 Throwing
 + Level 7.0 Armour
 - Level 3.2 Dodging
 + Level 8.4 Invocations


You had 9 spell levels left.
You didn't know any spells.
Your spell library was empty.

Skill      XL: |  1  2  3  4  5  6  7  8  9 10 |
---------------+-------------------------------+-----
Fighting       | 2 3 4 5 6 7 |  7.2
Axes           | 4 5 6 7 8 9 11 12 | 12.0
Invocations    | 1 3 5 7 8 |  8.4
Armour         | 2 4 6 7 |  7.0
Throwing       | |  1.7
Dodging        | |  3.2

Action                   |  1- 3 |  4- 6 |  7- 9 | 10-12 || total
-------------------------+-------+-------+-------+-------++-------
Melee: War axe           |   130 |   131 |   466 |   266 ||   993
       Unarmed           |       |       |     9 |       ||     9
Throw: Throwing net      |       |     1 |     2 |       ||     3
Invok: Recite            |       |       |     1 |     1 ||     2
       Vitalisation      |       |       |       |     1 ||     1
 Abil: Heal Wounds       |       |     2 |    10 |    13 ||    25
Evoke: Wand              |       |       |     1 |     5 ||     6
  Use: Scroll            |       |     3 |    13 |     1 ||    17
       Potion            |       |     1 |     2 |     4 ||     7
 Stab: Paralysed         |       |       |     3 |    14 ||    17
       Held in net/web   |       |       |     2 |       ||     2
       Confused          |       |       |     1 |       ||     1
       Invisible         |       |       |       |     2 ||     2
  Eat: Chunk             |     2 |     4 |    12 |     8 ||    26
       Ration            |       |       |     1 |       ||     1
Armor: Leather armour    |     6 |       |       |       ||     6
       Scale mail        |    39 |       |       |       ||    39
       Plate armour      |    12 |    78 |   303 |   199 ||   592
       Skin              |       |    21 |       |       ||    21
Dodge: Dodged            |    99 |    50 |   171 |   142 ||   462

Inventory:

Hand Weapons
 a - a +0 war axe (weapon)
Armour
 b - a +0 pair of gloves (worn)
 c - a +1 helmet (worn)
 f - a +1 cloak (worn)
 v - a +0 plate armour (worn)
Jewellery
 h - an uncursed ring of resist corrosion
 i - a +6 ring of strength (right hand)
 l - an uncursed ring of protection from cold
 s - an uncursed ring of flight
 x - a ring of protection from fire (left hand)
 y - an uncursed ring of fire {rF++ rC-}
 H - an uncursed ring of wizardry {unknown}
Scrolls
 d - a scroll of summoning {unknown}
 g - 3 scrolls of fog {unknown}
 n - 5 scrolls of remove curse
 o - a scroll of enchant armour
 r - 3 scrolls of identify
 t - 4 scrolls of teleportation
 u - 4 scrolls of noise {unknown}
 A - a scroll of immolation
 F - a scroll of vulnerability {unknown}
 G - a scroll of enchant weapon {unknown}
Potions
 j - a potion of stabbing
 k - 3 potions of ambrosia
 m - 2 potions of might
 q - 6 potions of heal wounds
 w - 6 potions of curing
 z - 2 potions of mutation
 C - a potion of brilliance {unknown}
 D - a potion of magic {unknown}
 E - a potion of berserk rage {unknown}
 I - a potion of cancellation {unknown}
Comestibles
 e - 10 rations
 J - 3 chunks of flesh


You were on level 1 of the Lair of Beasts.
You worshipped Zin.
Zin was extremely pleased with you.
You were not hungry.

You visited 3 branches of the dungeon, and saw 12 of its levels.
You also visited: Ossuary.

You collected 667 gold pieces.
You donated 66 gold pieces to Zin.

Dungeon Overview and Level Annotations

Branches:
Dungeon (10/15)            Temple (1/1) D:4            Lair (1/6) D:8
Ossuary (visited)
    Orc: D:9-12

Altars:
Ashenzari
Cheibriados
Dithmenos
Elyvilon
Fedhas
Gozag
Hepliaklqana
Kikubaaqudgha
Makhleb
Nemelex Xobeh
Okawaru
Qazlal
Ru
Sif Muna
Trog
Uskayaw
Vehumet
Wu Jian
Xom
Yredelemnul
Zin
The Shining One

Shops:
D:5 (

Annotations:
D:5 2 transporters, Hycrow's ghost, novice MiBe

, *
#............
###......<.....
#.....l........
##†##..........
* *
#.###.........
* ####.#
##......!# *
#..S##
###..#### , * *
#####F..# ##P#
, * #..@D..##
## ,
#.....#####.# ,
..###** *.#* ,,
,* #. *.# , ,,
* ..* ,,, .. *
, ,* ,,


You could see a 15-headed hydra, a black mamba and a spiny frog.

Notes
Turn   | Place    | Note
-------+----------+-------------------------------------------
     0 | D:1      | theanonym the Deep Dwarf Gladiator began the quest for the
                  | Orb.
     0 | D:1      | Reached XP level 1. HP: 19/19 MP: 1/1
   259 | D:1      | Reached skill level 2 in Fighting
   296 | D:1      | Reached XP level 2. HP: 23/26 MP: 2/2
   565 | D:1      | Reached skill level 4 in Axes
   836 | D:2      | Reached XP level 3. HP: 28/33 MP: 3/3
  1168 | D:2      | Found a bloodstained altar of Trog.
  1520 | D:3      | Reached XP level 4. HP: 30/40 MP: 4/4
  1590 | D:3      | HP: 20/40 [kobold (1)]
  1592 | D:3      | Reached skill level 5 in Axes
  1739 | D:3      | Reached skill level 3 in Fighting
  1776 | D:3      | Reached XP level 5. HP: 44/49 MP: 5/5
  1954 | D:3      | Noticed Purgy
  1994 | D:3      | Killed Purgy
  1994 | D:3      | Reached skill level 6 in Axes
  1994 | D:3      | Reached XP level 6. HP: 56/56 MP: 6/6
  2491 | D:4      | Found a staircase to the Ecumenical Temple.
  2530 | D:4      | Reached skill level 4 in Fighting
  2530 | D:4      | Reached skill level 7 in Axes
  2544 | Temple   | Entered the Ecumenical Temple
  2694 | Temple   | Became a worshipper of Zin the Law-Giver
  2694 | Temple   | Reached * piety under Zin
  2766 | D:4      | Reached skill level 1 in Invocations
  2786 | D:4      | Found a white marble altar of Elyvilon.
  2792 | D:4      | Reached XP level 7. HP: 61/64 MP: 7/7
  2984 | D:4      | Reached skill level 1 in Armour
  3112 | D:4      | Reached skill level 2 in Invocations
  3393 | D:5      | Entered Level 5 of the Dungeon
  3461 | D:5      | Found a shimmering altar of Xom.
  3502 | D:5      | Found a sand-covered staircase.
  3509 | Ossuary  | Entered an ossuary
  3509 | Ossuary  | Noticed a wraith
  3509 | Ossuary  | Noticed a wraith
  3509 | Ossuary  | Noticed a wraith
  3594 | Ossuary  | Reached ** piety under Zin
  3669 | Ossuary  | Noticed a wraith
  3674 | Ossuary  | HP: 31/66 [wraith (7)]
  3686 | Ossuary  | HP: 30/66 [wraith (8)]
  3687 | Ossuary  | Killed a wraith
  3687 | Ossuary  | Reached skill level 8 in Axes
  3687 | Ossuary  | Reached skill level 2 in Armour
  3775 | Ossuary  | HP: 26/66 [mummy (4)]
  3778 | Ossuary  | Reached skill level 3 in Invocations
  4043 | D:5      | Reached XP level 8. HP: 50/73 MP: 10/10
  4249 | D:5      | Found a shimmering blue altar of Sif Muna.
  4315 | D:5      | Found Yfiucaps's Antique Weapon Boutique.
  4324 | D:5      | Found a transporter.
  4324 | D:5      | Found a transporter.
  4349 | D:5      | Noticed Hycrow's ghost (novice MiBe)
  5028 | D:6      | Reached *** piety under Zin
  5539 | D:6      | Reached skill level 3 in Armour
  5552 | D:6      | Found an opulent altar of Gozag.
  5702 | D:6      | Found a blossoming altar of Fedhas.
  5703 | D:6      | Found an ancient bone altar of Kikubaaqudgha.
  5816 | D:7      | Reached skill level 5 in Fighting
  5816 | D:7      | Reached skill level 4 in Invocations
  5999 | D:7      | Reached skill level 9 in Axes
  6019 | D:7      | HP: 36/74 [bullfrog (3)]
  6160 | D:7      | Reached skill level 4 in Armour
  6211 | D:7      | HP: 35/74 [phantom (1)]
  6217 | D:7      | HP: 32/74 [phantom (1)]
  6238 | D:7      | Found a hide-covered altar of Uskayaw.
  6465 | D:8      | Noticed Maurice
  6471 | D:7      | Reached skill level 5 in Invocations
  6512 | D:8      | HP: 28/75 [porcupine's spines (11)]
  6558 | D:8      | Found a staircase to the Lair.
  6584 | D:8      | Gained mutation: You passively map the area around you.
                  | [Deep Dwarf growth]
  6584 | D:8      | Reached XP level 9. HP: 60/81 MP: 11/13
  6624 | D:8      | Reached **** piety under Zin
  6660 | D:8      | HP: 40/82 [something (4)]
  6683 | D:8      | Reached skill level 10 in Axes
  6707 | D:8      | Reached skill level 5 in Armour
  6707 | D:8      | Reached skill level 6 in Invocations
  6731 | D:8      | HP: 40/82 [bullfrog (2)]
  6751 | D:8      | Reached skill level 6 in Fighting
  6754 | D:8      | HP: 34/82 [porcupine's spines (6)]
  7039 | D:8      | Killed Maurice
  7212 | D:8      | HP: 39/84 [orc warrior/+0 trident (5)]
  7217 | D:8      | HP: 35/84 [orc warrior/+0 trident (4)]
  7218 | D:8      | Reached skill level 7 in Invocations
  7223 | D:8      | HP: 21/85 [orc warrior/+0 trident (15)]
  7232 | D:8      | HP: 19/85 [orc warrior/+0 trident (2)]
  7242 | D:8      | HP: 40/85 [orc warrior/+0 trident (5)]
  7459 | D:9      | HP: 39/85 [wight/+5 great sword (4)]
  7466 | D:9      | Reached skill level 11 in Axes
  7601 | D:9      | Reached skill level 6 in Armour
  7614 | D:9      | Reached ***** piety under Zin
  7631 | D:9      | Reached XP level 10. HP: 48/92 MP: 12/12
  7984 | D:9      | HP: 45/92 [orc warrior/+0 war axe (5)]
  8057 | D:9      | HP: 40/92 [orc warrior/+0 scimitar (10)]
  8067 | D:9      | HP: 38/92 [adder (2)]
  8082 | D:9      | HP: 35/92 [scorpion (3)]
  8247 | D:10     | Entered Level 10 of the Dungeon
  8247 | D:10     | Found an iron altar of Okawaru.
  8459 | D:10     | Found the +4 robe of Augmentation {Str+4 Int+4 Dex+4}
  8466 | D:10     | HP: 46/92 [killer bee (3)]
  8476 | D:10     | HP: 44/92 [killer bee (2)]
  8481 | D:10     | HP: 32/92 [poisoned by a killer bee]
  8490 | D:10     | HP: 22/92 [killer bee (6)]
  8542 | D:10     | Reached skill level 8 in Invocations
  8555 | D:10     | HP: 46/92 [adder (1)]
  8583 | D:10     | Noticed a two-headed ogre
  8584 | D:10     | Noticed a three-headed hydra
  8626 | D:10     | HP: 41/92 [three-headed hydra (6)]
  8637 | D:10     | HP: 37/92 [three-headed hydra (4)]
  8649 | D:10     | HP: 29/92 [13-headed hydra (8)]
  8657 | D:10     | HP: 26/92 [13-headed hydra (3)]
  8664 | D:10     | Reached skill level 7 in Fighting
  9199 | Lair:1   | Entered Level 1 of the Lair of Beasts
  9199 | Lair:1   | Noticed a black mamba
  9199 | Lair:1   | Noticed a seven-headed hydra
  9199 | Lair:1   | Noticed a spiny frog
  9217 | Lair:1   | HP: 46/94 [poisoned by a spiny frog]
  9222 | Lair:1   | HP: 40/94 [black mamba (5)]
  9228 | Lair:1   | HP: 43/94 [11-headed hydra (7)]
  9233 | Lair:1   | HP: 40/94 [komodo dragon (20)]
  9235 | Lair:1   | Reached skill level 12 in Axes
  9235 | Lair:1   | Reached skill level 7 in Armour
  9237 | Lair:1   | HP: 16/94 [14-headed hydra (6)]
  9240 | Lair:1   | HP: 3/94 [14-headed hydra (10)]
  9240 | Lair:1   | Zin protects you from harm!
  9244 | Lair:1   | Slain by a 15-headed hydra

Vanquished Creatures
  Maurice (D:8)
  A komodo dragon (Lair:1)
  A hippogriff (D:9)
  A wraith (Ossuary)
  A wyvern (D:7)
  2 yaks
  A hungry ghost (D:9)
  A steam dragon (D:8)
  A soldier ant (D:9)
  A water moccasin (D:7)
  3 porcupines (D:8)
  3 orc warriors
  2 black bears (D:8)
  An ice beast (D:6)
  Purgy (D:3)
  A sky beast (D:8)
  3 ogres
  3 phantoms
  A big kobold (D:10)
  A crocodile (D:8)
  7 bullfrogs
  A gnoll sergeant (D:10)
  A water moccasin zombie (D:7)
  5 scorpions
  5 killer bees (D:10)
  10 wights
  A howler monkey (D:4)
  2 crimson imps (D:7)
  4 hounds
  7 orc wizards
  An orc priest (D:10)
  3 bullfrog skeletons
  A human zombie (Ossuary)
  7 worker ants
  5 iguanas
  3 mummies (Ossuary)
  9 adders
  5 gnolls
  A howler monkey skeleton (D:9)
  2 shadow imps
  2 oozes
  A worm (D:4)
  3 dart slugs
  6 leopard geckos
  42 orcs
  7 bats
  6 giant cockroaches
  2 gnoll zombies (Ossuary)
  7 goblins
  5 hobgoblins
  10 jackals
  16 kobolds
  6 quokkas
  6 frilled lizards
  2 goblin zombies (Ossuary)
  6 kobold zombies (Ossuary)
  2 quokka skeletons
  2 quokka zombies
  7 rats
  A fungus (D:8)
249 creatures vanquished.

Vanquished Creatures (others)
  14 fungi (D:8)
  8 plants
22 creatures vanquished.

Grand Total: 271 creatures vanquished

Table legend:
 A = Turns spent in this place as a percentage of turns spent in the entire game.
 B = Non-inter-level travel turns spent in this place as a percentage of non-inter-level travel turns spent in the entire game.
 C = Inter-level travel turns spent in this place as a percentage of turns spent in this place.
 D = Turns resting spent in this place as a percentage of non-inter-level travel turns spent in this place.
 E = Turns spent auto-exploring this place as a percentage of non-inter-level travel turns spent in this place.
 F = Non-inter-level travel turns spent in this place divided by the number of levels of this place that you've seen.
                   A       B       C       D       E      F
               +-------+-------+-------+-------+-------+----------------------
         Total | 100.0 | 100.0 |   5.7 |   2.8 |  73.1 | 670.8
       Dungeon |  93.6 |  93.5 |   5.8 |   3.0 |  73.1 | 815.1
        Temple |   1.8 |   1.6 |  14.4 |   0.0 |  97.9 | 143.0
          Lair |   0.4 |   0.4 |   0.0 |   0.0 |   0.0 |  35.0
       Ossuary |   4.2 |   4.5 |   0.0 |   0.0 |  70.1 | 391.0
               +-------+-------+-------+-------+-------+----------------------
